 Dungeon Crawl Stone Soup version 0.29-a0-620-g13ace881f2 (webtiles) character file.

Game seed: 9797263027450715787

14420 mandarbmax the Grappler (level 11, 0/113 HPs)
             Began as a Troll Necromancer on June 19, 2022.
             Was a High Priest of Cheibriados.
             Slain by a sixfirhy (10 damage)
             ... on level 1 of the Abyss.
             The game lasted 00:33:50 (12841 turns).

mandarbmax the Grappler (Troll Necromancer)        Turns: 12841, Time: 00:33:51

Health: 0/113      AC:  8    Str: 37    XL:     11   Next: 88%
Magic:  13/13      EV: 11    Int: 28    God:    Cheibriados [*****.]
Gold:   621        SH:  0    Dex: 31    Spells: 2/14 levels left

rFire   . . .      SeeInvis +     - Unarmed
rCold   + . .      Faith    .   (no shield)
rNeg    . . .      Spirit   .   x - +0 steam dragon scales
rPois   +          Reflect  .   (helmet restricted)
rElec   .          Harm     .   g - +0 cloak of the Jackalope {Will+ SInv}
rCorr   .          Rampage  .   (gloves unavailable)
Will    +....                   (boots unavailable)
Stlth   +++.......              A - amulet of regeneration
HPRegen 1.88/turn               a - +6 ring of dexterity
MPRegen 0.13/turn               v - ring "Ebuid" {rPois rC+ Str+6 Dex+2}

@: about to teleport, very slow
A: large, unfitting armour, claws 3, regeneration 1, shaggy fur 1, tough skin 1
a: Renounce Religion, Bend Time, Temporal Distortion, Slouch, Step From Time


You were on level 1 of the Abyss.
You worshipped Cheibriados.
Cheibriados was extremely pleased with you.
You visited 2 branches of the dungeon, and saw 11 of its levels.
You visited the Abyss 1 time.
You also visited: Bailey.

You collected 1570 gold pieces.
You spent 949 gold pieces at shops.

Inventory:

Missiles
 d - 2 throwing nets
Armour
 g - the +0 cloak of the Jackalope (worn) {Will+ SInv}
   (You found it in a bailey)

   SInv:      It lets you see invisible.
   Will:      It increases your willpower.
 n - a +1 robe of fire resistance
 x - +0 steam dragon scales (worn)
Magical Staves
 q - a staff of death
Jewellery
 a - a +6 ring of dexterity (left claw)
 o - a ring of willpower
 v - the ring "Ebuid" (right claw) {rPois rC+ Str+6 Dex+2}
   (You bought it in a shop on level 1 of the Dungeon)

   [ring of strength]

   Str:       It affects your strength (+6).
   Dex:       It affects your dexterity (+2).
   rC:        It protects you from cold.
   rPois:     It protects you from poison.
 A - an amulet of regeneration (around neck)
Wands
 r - a wand of polymorph (7)
 t - a wand of flame (50)
 y - a wand of charming (3)
 C - a wand of digging (6)
 E - a wand of mindburst (11)
 H - a wand of iceblast (3)
Scrolls
 e - 2 scrolls of amnesia
 j - 2 scrolls of fog
 k - 6 scrolls of enchant armour
 l - 2 scrolls of fear
 m - 2 scrolls of silence {unknown}
 w - 2 scrolls of immolation
 z - a scroll of poison
Potions
 b - 2 potions of magic
 c - 3 potions of flight
 h - 4 potions of brilliance
 i - 7 potions of curing
 p - 4 potions of resistance
 u - 3 potions of mutation
 B - a potion of attraction
 D - a potion of berserk rage
 G - a potion of might


   Skills:
 + Level 8.6 Fighting
 - Level 2.0 Dodging
 - Level 1.0 Stealth
 + Level 13.6 Unarmed Combat
 - Level 2.0 Spellcasting
 - Level 5.0 Necromancy
 + Level 1.9 Translocations
 + Level 3.1 Invocations
 * Level 4.2 Evocations


You had 2 spell levels left.
You knew the following spells:

 Your Spells              Type           Power      Damage    Failure   Level
a - Necrotize             Necr           100%       1d9       1%          1
b - Animate Dead          Necr           30%        N/A       12%         4
c - Manifold Assault      Tloc           13%        N/A       75%         5
d - Blink                 Tloc           26%        N/A       6%          2

Your spell library contained the following spells:

 Spells                   Type           Power      Damage    Failure   Level
 Vampiric Draining        Necr           30%        2d8       3%          3
 Lesser Beckoning         Tloc           13%        N/A       12%         3
 Portal Projectile        Hex/Tloc       16%        N/A       19%         3
 Call Canine Familiar     Summ           2%         N/A       26%         3
 Conjure Flame            Conj/Fire      2%         6-21      26%         3
 Dazzling Flash           Conj/Hex       4%         N/A       26%         3
 Ignite Poison            Fire/Tmut/Pois 2%         N/A       26%         3
 Agony                    Necr           30%        N/A       32%         5
 Iskenderun's Mystic Bla  Conj/Tloc      8%         2d4       52%         4
 Leda's Liquefaction      Hex/Erth       1%         N/A       65%         4
 Sticky Flame             Conj/Fire      2%         2d3       65%         4
 Starburst                Conj/Fire      1%         6d3       100%        6


Dungeon Overview and Level Annotations

Branches:
Dungeon (10/15)            Temple (1/1) D:5            Lair (0/6) D:8
    Orc (0/2) D:10         Bailey (visited)

Altars:
Ashenzari
Cheibriados
Dithmenos
Elyvilon
Fedhas
Gozag
Hepliaklqana
Kikubaaqudgha
Makhleb
Nemelex Xobeh
Okawaru
Qazlal
Ru
Sif Muna
Trog
Uskayaw
Vehumet
Wu Jian
Xom
Yredelemnul
Zin
The Shining One

Shops:
D:1 ?([(=

Annotations:
D:9 kairosrom117's ghost, novice DrFE
D:10 Sonja


Innate Abilities, Weirdness & Mutations

You are too large for most types of armour.
You have claws for hands.
Your natural rate of healing is unusually fast.
You are covered in fur. (AC +1)
You have tough skin. (AC +1)


Message History

The large abomination misses you.
You claw the large abomination!
The large abomination is almost destroyed.
You eviscerate the large abomination!!!
You destroy the large abomination!
That felt strangely unrewarding.
Your reaping aura is weakening.
Your reaping aura expires.
A sixfirhy comes into view.
A spatial maelstrom comes into view. 2 spatial vortices come into view.
As you read the scroll of teleportation, it crumbles to dust.
You feel strangely unstable.
You feel the power of the Abyss delaying your translocation!
A spatial vortex comes into view.
As you read the scroll labelled EBBAITR YTAICU, it crumbles to dust.
It is a scroll of brand weapon.
You aren't carrying any weapons that can be branded.
A spatial vortex comes into view.
Unknown command.
The sixfirhy hits you. The sixfirhy shocks you! The sixfirhy hits you.
The sixfirhy shocks you! The sixfirhy hits you. The sixfirhy shocks you!
The sixfirhy closely misses you. The sixfirhy hits you.
The sixfirhy shocks you! The spatial maelstrom hits you!
Space warps around you.
The spatial maelstrom closely misses you.
The sixfirhy barely misses you. x2
The spatial maelstrom hits you! Space warps horribly around you!
* * * LOW HITPOINT WARNING * * *
The spatial maelstrom hits you!
* * * LOW HITPOINT WARNING * * *
Space warps around you.
* * * LOW HITPOINT WARNING * * *
Unknown command.
Blink to where?
Press: ? - help, Dir - move target
As you read the scroll of blinking, it crumbles to dust.
The sixfirhy hits you!
* * * LOW HITPOINT WARNING * * *
The sixfirhy shocks you!
You die...

≈≈≈≈....#.###..# ..
.. #≈.≈.#v....# ...#
. #..##≈#.##...#
....# #.....##..###
#....
##.#..#...#v##..#....
#.#..#.......# . .#.
#.##...##...........
#.#3.# ###. ##.....
#@### #####. . # #.##
#... . .. #.# .## .
.. #. # #. . # # . #
.#. # ..# ...## #. #


You could see a spatial maelstrom and a sixfirhy.

Vanquished Creatures
  Harold (D:10)
  Erolcha (D:10)
  A two-headed ogre (D:9)
  A death yak (D:8)
  An orc knight (Bailey)
  The ghost of IdlyInterested the Cudgeller, a novice DsFi (D:5)
  An elephant (D:8)
  Grinder (D:5)
  A wyvern (D:8)
  A large abomination (Abyss:1)
  11 yaks
  2 wraiths
  A basilisk (D:8)
  Eustachio (D:6)
  A steam dragon (D:6)
  A warg (D:10)
  2 water moccasins (D:8)
  An acid dragon (D:10)
  Duvessa (D:6)
  A sky beast (D:7)
  2 ice beasts (D:7)
  13 orc warriors
  A black bear (D:5)
  3 ogres
  3 centaurs
  9 kobold brigands
  3 bullfrogs
  3 necrophages
  A gnoll sergeant (D:10)
  2 scorpions
  3 wights (D:10)
  Dowan (D:6)
  8 killer bees (D:9)
  6 howler monkeys
  2 jellies
  2 quasits (D:5)
  5 hounds
  A gnoll shaman (D:4)
  8 orc priests
  Ijyb (D:5)
  4 iguanas
  19 orc wizards
  4 gnolls
  3 adders
  2 white imps
  2 ufetubi
  2 worms (D:2)
  3 dart slugs
  28 orcs
  7 ball pythons
  4 endoplasms
  4 giant cockroaches
  12 goblins
  9 hobgoblins
  A jackal (D:4)
  5 quokkas
  8 bats
  12 kobolds
  4 rats (D:1)
  A spectral kobold (D:1)
243 creatures vanquished.

Vanquished Creatures (collateral kills)
  Josephine (D:10)
  A two-headed ogre (D:9)
  Psyche (D:8)
  Prince Ribbit (D:8)
  A shadow (D:9)
  A wraith (D:10)
  A water moccasin (D:8)
  A black bear (D:8)
  A wight (D:10)
  A killer bee (D:9)
  An electric eel (D:8)
  An orc wizard (D:4)
  3 gnolls
  5 orcs
  An endoplasm (D:4)
  A giant cockroach (D:1)
  A jackal (D:4)
  5 kobolds
28 creatures vanquished.

Vanquished Creatures (others)
  A warg zombie (D:10)
  7 yak zombies
  A bullfrog zombie (D:9)
  7 killer bee zombies (D:9)
  An ogre zombie (D:4)
  A howler monkey zombie (D:7)
  A jelly zombie (D:6)
  An endoplasm zombie (D:4)
  6 kobold zombies (Bailey)
  10 orc zombies
36 creatures vanquished.

Grand Total: 307 creatures vanquished

Notes
Turn   | Place    | Note
-------+----------+-------------------------------------------
     0 | D:1      | mandarbmax the Troll Necromancer began the quest for the
                  | Orb.
     0 | D:1      | Reached XP level 1. HP: 16/16 MP: 1/1
    54 | D:1      | Found Juppaoh's Jewellery Shoppe.
   132 | D:1      | Reached skill level 1 in Unarmed Combat
   135 | D:1      | Reached XP level 2. HP: 22/26 MP: 0/2
   475 | D:1      | Found Ycsiwant's Weapon Boutique.
   572 | D:1      | Found a faded altar of an unknown god.
   596 | D:1      | Found Opluiwkury's Magic Scroll Emporium.
   628 | D:1      | Found Eliofoff's Antique Armour Shoppe.
   665 | D:1      | Found Lasol's Weapon Boutique.
   793 | D:1      | Reached XP level 3. HP: 32/32 MP: 0/3
  1098 | D:2      | Reached skill level 2 in Unarmed Combat
  1102 | D:2      | Reached skill level 1 in Fighting
  1773 | D:2      | Reached XP level 4. HP: 41/41 MP: 1/4
  2024 | D:3      | Learned a level 4 spell: Animate Dead
  2312 | D:1      | Bought a scroll of identify for 28 gold pieces
  3125 | D:3      | Reached skill level 3 in Unarmed Combat
  3231 | D:4      | Noticed a necrophage
  3254 | D:3      | Killed a necrophage
  3255 | D:3      | Reached XP level 5. HP: 47/49 MP: 2/5
  3296 | D:4      | Reached skill level 4 in Unarmed Combat
  3339 | D:4      | You fall into a shaft and drop 2 floors!
  3349 | D:6      | Reached XP level 6. HP: 55/57 MP: 0/6
  3638 | D:5      | Entered Level 5 of the Dungeon
  3639 | D:5      | Noticed Grinder
  3650 | D:5      | Found a staircase to the Ecumenical Temple.
  3670 | D:5      | Reached skill level 5 in Unarmed Combat
  3678 | D:5      | Killed Grinder
  3679 | D:5      | Reached skill level 6 in Unarmed Combat
  3679 | D:5      | Reached XP level 7. HP: 37/67 MP: 4/7
  3706 | Temple   | Entered the Ecumenical Temple
  4016 | Temple   | Became a worshipper of Cheibriados the Contemplative
  4033 | D:5      | Found a transporter.
  4449 | D:4      | Reached XP level 8. HP: 73/78 MP: 8/10
  4650 | D:4      | Reached * piety under Cheibriados
  4783 | D:4      | Reached skill level 7 in Unarmed Combat
  5262 | D:5      | Noticed Ijyb
  5270 | D:5      | Killed Ijyb
  5622 | D:5      | Found a transporter.
  5799 | D:5      | Noticed IdlyInterested's ghost (novice DsFi)
  5933 | D:5      | Reached skill level 8 in Unarmed Combat
  5954 | D:5      | Reached skill level 5 in Fighting
  6077 | D:1      | Bought a scroll of identify for 28 gold pieces
  6078 | D:1      | Bought 3 scrolls of identify for 84 gold pieces
  6468 | D:5      | Killed IdlyInterested's ghost
  6469 | D:5      | Reached skill level 9 in Unarmed Combat
  6469 | D:5      | Reached XP level 9. HP: 69/88 MP: 8/11
  6645 | D:6      | Noticed Eustachio
  6659 | D:6      | Killed Eustachio
  7187 | D:6      | Found a blossoming altar of Fedhas.
  7238 | D:6      | Noticed Duvessa
  7251 | D:6      | Killed Duvessa
  7265 | D:6      | Noticed Dowan
  7280 | D:6      | Killed Dowan
  7473 | D:7      | Found a flagged portal.
  7501 | Bailey   | Entered a bailey
  7629 | Bailey   | Reached ** piety under Cheibriados
  7640 | Bailey   | Reached skill level 10 in Unarmed Combat
  7864 | Bailey   | Noticed an orc knight
  7882 | Bailey   | Killed an orc knight
  8082 | Bailey   | Reached XP level 10. HP: 69/100 MP: 10/12
  8172 | Bailey   | Reached skill level 11 in Unarmed Combat
  8234 | Bailey   | Found a bloodstained altar of Trog.
  8246 | Bailey   | Identified the +0 cloak of the Jackalope {Will+ SInv}
  8332 | D:7      | Reached skill level 5 in Necromancy
  8463 | D:1      | Bought the ring "Ebuid" {rPois rC+ Str+6 Dex+2} for 809
                  | gold pieces
  8601 | D:8      | Noticed Prince Ribbit
  9129 | D:7      | Reached *** piety under Cheibriados
  9876 | D:8      | Reached skill level 12 in Unarmed Combat
 10149 | D:8      | Reached **** piety under Cheibriados
 10242 | D:8      | HP: 5/102 [Prince Ribbit (10)]
 10250 | D:8      | Killed Prince Ribbit
 10395 | D:8      | Noticed an elephant
 10395 | D:8      | Noticed a death yak
 10408 | D:8      | Killed an elephant
 10415 | D:8      | Killed a death yak
 10416 | D:8      | Reached skill level 13 in Unarmed Combat
 10416 | D:8      | Reached skill level 1 in Evocations
 10416 | D:8      | Reached XP level 11. HP: 85/111 MP: 1/13
 10472 | D:8      | Noticed Psyche
 10480 | D:8      | Killed Psyche
 10532 | D:8      | Found a staircase to the Lair.
 10943 | D:9      | Reached ***** piety under Cheibriados
 11125 | D:9      | Noticed a two-headed ogre
 11127 | D:9      | Killed a two-headed ogre
 11128 | D:9      | Reached skill level 1 in Invocations
 11171 | D:9      | Found a runed translucent door.
 11172 | D:9      | Noticed kairosrom117's ghost (novice DrFE)
 11179 | D:9      | Noticed a two-headed ogre
 11186 | D:9      | Killed a two-headed ogre
 11737 | D:10     | Entered Level 10 of the Dungeon
 11744 | D:10     | Learned a level 5 spell: Manifold Assault
 11782 | D:10     | Noticed Josephine
 11782 | D:10     | Noticed Erolcha
 11787 | D:10     | Learned a level 2 spell: Blink
 11788 | D:10     | Noticed Sonja
 11792 | D:10     | Killed Erolcha
 11854 | D:10     | Found a staircase to the Orcish Mines.
 11894 | D:10     | Noticed Harold
 11905 | D:10     | Killed Harold
 11906 | D:10     | Reached skill level 1 in Translocations
 12763 | D:10     | Killed Josephine
 12787 | D:10     | Cast into level 1 of the Abyss (Sonja)
 12835 | Abyss:1  | Noticed a sixfirhy
 12835 | Abyss:1  | Noticed a spatial maelstrom
 12841 | Abyss:1  | Slain by a sixfirhy

Illustrated notes

Levels and vault maps discovered:
D:1:      lemuel_arrival_cross, layout_loops_cross,
          dreamdust_ecumenical_altar_drowned_temple, serial_shops,
          nicolae_shop_waterfront, shop_fountains, nicolae_shop_behind_doors,
          shop, nicolae_shop_waterfront
D:2:      layout_basic
D:3:      layout_loops_ring, minmay_misc_feat_secret_circle
D:4:      layout_rooms, minmay_a_box_with_orc_wizards_in_it
D:5:      layout_loops_cross, minmay_temple_entry_offerings,
          gammafunk_ghost_stat_death, uniq_grinder, uniq_ijyb
D:6:      layout_basic, fedhas_altar_4, uniq_duvessa, uniq_eustachio
D:7:      layout_loops_corners, enter_bailey_5
D:8:      layout_rooms, david_lair_generic, lightli_minifort,
          uniq_prince_ribbit1, uniq_psyche
D:9:      layout_roguey, ebering_ghost_inner_flame,
          hangedman_decor_diamond_cutter
D:10:     layout_roguey, david_orc_3, minivault_4, minmay_misc_feat_encased,
          nicolae_straight_to_the_point, uniq_sonja, uniq_josephine,
          uniq_harold, uniq_erolcha
Temple:   nicolae_temple_the_god_donut
Abyss:1:  base: D:6, abyss_exit_lava

Skill      XL: |  1  2  3  4  5  6  7  8  9 10 11 |
---------------+----------------------------------+-----
Unarmed Combat | 1 2 3 4 6 9 10 13 | 13.6
Dodging        | 2 |  2.0
Fighting       | 1 2 3 4 5 6 7 8 |  8.6
Necromancy     | 4 5 |  5.0
Spellcasting   | 2 |  2.0
Evocations     | 1 4 |  4.2
Invocations    | 3 |  3.1
Translocations | 1 |  1.9
Stealth        | |  1.0

Action                   |  1- 3 |  4- 6 |  7- 9 | 10-12 || total
-------------------------+-------+-------+-------+-------++-------
Melee: Unarmed           |    74 |    72 |   198 |   259 ||   603
       Punch             |     1 |     2 |    10 |    19 ||    32
 Cast: Necrotize         |    48 |    48 |    82 |    97 ||   275
       Animate Dead      |       |     2 |    12 |    15 ||    29
Invok: Bend Time         |       |       |       |     1 ||     1
Evoke: Wand              |       |       |    10 |     4 ||    14
  Use: Scroll            |       |     3 |    14 |    10 ||    27
       Potion            |       |     1 |     6 |     1 ||     8
 Stab: Distracted        |     1 |       |     1 |     3 ||     5
       Sleeping          |       |       |     1 |     1 ||     2
Armor: Robe              |    25 |    20 |    78 |       ||   123
       Steam dragon scal |       |       |    15 |    94 ||   109
       Skin              |       |       |       |     4 ||     4
Dodge: Dodged            |    33 |    36 |   126 |   166 ||   361

Table legend: (Time is in decaauts)
 A = Elapsed time spent in this place.
 B = Non-inter-level travel time spent in this place.
 C = Inter-level travel time spent in this place.
 D = Time resting spent in this place.
 E = Time spent auto-exploring this place.
 F = Levels seen in this place.
 G = Mean time per level.
                   A        B        C        D        E       F      G
               +--------+--------+--------+--------+--------+-----+--------+
         Total |  15798 |  13835 |   1963 |   1170 |  10188 |  13 | 1215.2 |
       Dungeon |  14483 |  12537 |   1946 |    728 |   9748 |  10 | 1448.3 |
        Temple |    327 |    311 |     16 |      0 |    240 |   1 |  327.0 |
         Abyss |     88 |     88 |      0 |      0 |      0 |   1 |   88.0 |
        Bailey |    898 |    898 |      0 |    442 |    200 |   1 |  898.0 |
               +--------+--------+--------+--------+--------+-----+--------+

Top non-repeatable levels by time:
     D:7: 1810 daAuts
    D:10: 1718 daAuts
     D:6: 1571 daAuts
     D:5: 1515 daAuts
     D:4: 1439 daAuts
     D:8: 1433 daAuts
     D:1: 1431 daAuts
     D:2: 1236 daAuts
     D:9: 1226 daAuts
     D:3: 1100 daAuts
  Bailey: 898 daAuts
  Temple: 327 daAuts
 Abyss:1: 88 daAuts
